Cogmind - Beta 10.2 @@@ ROGUE MODE // 2021.08.10 @ 01:44:18 Player: Savant Result: Destroyed by B-86 Titan with Railgun Performance ------------- Evolutions (6) 3000 Regions Visited (23) 4600 Robots Destroyed (290) 1450 Value Destroyed (12161) 12161 Prototype IDs (33) 660 Alien Tech Used (0) 0 Bonus (9061) 9061 TOTAL SCORE: 30932 Bonus ------- Triggered High Security 500 High Alert Combat Kills 3411 Follower Combat Kills 2429 Network Hubs Disabled 400 Met Data Miner 300 Met Warlord at Base 500 MAIN.C Attacked Warlord 500 Warlord Defense Kill 910 Built Enhanced Grunts 300 A7 Reached Mainframe 300 Met R17 at Cetus 500 Friendly Fire -989 Cogmind --------- Core Integrity 0/1150 Matter 203/300 Energy 85/100 System Corruption 4% Temperature Cool (9) Movement Core (50) Location -4/Warlord Parts ------- > --- POWER (1) -------- (None) > --- PROPULSION (4) --- (None) > --- UTILITY (9) ------ Enhanced Optical Array Improved Target Analyzer Advanced Hacking Suite > --- WEAPON (5) ------- (None) > --- INVENTORY (4) ---- Matter Compressor (0) Advanced Variable Charge Gun Long-range Proton Cannon Long-range Missile Launcher Peak State ------------ > --- POWER ------------ Quantum Reactor > --- PROPULSION ------- Centrium Heavy Treads Centrium Heavy Treads > --- UTILITY ---------- Advanced Cooling System Large Storage Unit Large Storage Unit High-capacity Storage Unit Enhanced Optical Array Improved Target Analyzer Centrium Medium Armor Plating Energy Mantle Advanced Hacking Suite > --- WEAPON ----------- Railgun Improved KE Penetrator Improved KE Penetrator Improved KE Penetrator Improved KE Penetrator > --- INVENTORY -------- Quantum Reactor Advanced Medium Treads Centrium Heavy Treads Centrium Heavy Treads Flexi-carbon Leg Improved Cooling System Improved Energy Well Matter Compressor Advanced Salvage Targeting Computer Improved Weapon Cycler Centrium Medium Armor Plating Force Field Makeshift System Restoration Module Long-range Tractor Beam Advanced Variable Charge Gun Enhanced Coil Gun Railgun Improved KE Penetrator Improved KE Penetrator Long-range Missile Launcher Phasing Sabre [Rating: 140] Favorites ----------- Power Heavy Ion Engine Engine Heavy Ion Engine Power Core Neutrino Core Reactor Quantum Reactor Propulsion Centrium Heavy Treads Treads Centrium Heavy Treads Leg Titanium Leg Wheel Armored Huge Wheel Flight Unit Makeshift Flight Unit Utility Large Storage Unit Device Advanced Cooling System Storage Large Storage Unit Processor Advanced Visual Processing Unit Hackware Advanced Hacking Suite Protection Hardened Light Armor Plating Weapon Enhanced Autogun Energy Gun EM Pulse Gun Energy Cannon Advanced Beam Cannon Ballistic Gun Enhanced Autogun Ballistic Cannon Bore Cannon Launcher Rocket Launcher Special Weapon Flamer Impact Weapon Mace Slashing Weapon Phasing Sabre Piercing Weapon Vortex Lance Build | -11 -10 -10 -9 -9 -8 -7 -7 -7 -6 -6 -6 -6 -6 -5 -5 -5 -5 -5 -5 -4 -4 -4 -4 ------- Run | Scr Mat Min Mat Min Mat Fac Low Zio Pro Fac Low Low Dat Pro Fac Ext Cet Arc Hub Fac Upp Upp War Slots Evolved 12 | . . . 2 . 2 2 . . . 2 . . . . 2 . . . . 2 . . . Power . | . . . . . . . . . . . . . . . . . . . . . . . . Propulsion 2 | . . . 1 . 1 . . . . . . . . . . . . . . . . . . Utility 7 | . . . 1 . 1 1 . . . 1 . . . . 2 . . . . 1 . . . Weapon 3 | . . . . . . 1 . . . 1 . . . . . . . . . 1 . . . Parts Attached 309 | 6 16 3 29 . 38 8 . 6 4 5 8 4 . 9 43 42 18 2 3 30 14 1 20 Power 18 | 1 2 . 3 . 3 . . . . . . . . . 2 4 2 . . . . . 1 Engine 10 | 1 2 . 2 . 3 . . . . . . . . . . 2 . . . . . . . Core 5 | . . . 1 . . . . . . . . . . . 2 2 . . . . . . . Reactor 3 | . . . . . . . . . . . . . . . . . 2 . . . . . 1 Propulsion 52 | 2 4 1 11 . 6 1 . 2 2 1 3 . . 3 2 6 3 . . 1 1 . 3 Treads 23 | . 1 . 1 . 4 1 . . . . 1 . . 2 . 6 3 . . 1 1 . 2 Leg 21 | 2 3 1 10 . 1 . . . 1 . . . . . 2 . . . . . . . 1 Wheel 7 | . . . . . 1 . . 1 1 1 2 . . 1 . . . . . . . . . Hover . | . . . . . . . . . . . . . . . . . . . . . . . . Flight 1 | . . . . . . . . 1 . . . . . . . . . . . . . . . Utility 120 | 1 5 . 4 . 17 1 . 2 . 2 1 2 . 3 24 19 6 1 2 16 10 . 4 Device 59 | . 1 . . . 5 . . 1 . 1 1 . . 2 13 11 3 . 1 13 6 . 1 Storage 8 | 1 2 . . . 1 . . . . . . . . . 1 . 1 . . 1 . . 1 Processor 8 | . . . 1 . 1 1 . . . . . . . 1 2 . . . 1 1 . . . Hackware 2 | . . . . . 1 . . . . . . . . . 1 . . . . . . . . Protection 43 | . 2 . 3 . 9 . . 1 . 1 . 2 . . 7 8 2 1 . 1 4 . 2 Artifact . | . . . . . . . . . . . . . . . . . . . . . . . . Weapon 119 | 2 5 2 11 . 12 6 . 2 2 2 4 2 . 3 15 13 7 1 1 13 3 1 12 Energy Gun 19 | 1 4 . . . 2 . . 1 . . . . . . 6 2 2 . . . . . 1 Energy Cannon 10 | . . . 3 . 4 . . . . . . . . . . . . . . . . . 3 Ballistic Gun 59 | 1 1 1 5 . 3 4 . 1 1 2 4 1 . 2 3 7 5 1 1 10 3 1 2 Ballistic Cannon 3 | . . . . . 1 . . . . . . . . . . 2 . . . . . . . Launcher 12 | . . 1 2 . 2 1 . . . . . . . 1 3 1 . . . 1 . . . Special Weapon 1 | . . . . . . . . . . . . 1 . . . . . . . . . . . Impact Weapon 1 | . . . 1 . . . . . . . . . . . . . . . . . . . . Slashing Weapon 12 | . . . . . . 1 . . 1 . . . . . 3 1 . . . 2 . . 4 Piercing Weapon 2 | . . . . . . . . . . . . . . . . . . . . . . . 2 Special Melee Weapon . | . . . . . . . . . . . . . . . . . . . . . . . . Unidentified Prototypes 15 | . . . 2 . 2 . . . . . . . . . 2 . 4 . 1 2 . . 2 Parts Lost 70 | . 1 . 3 . 4 . . . 1 . . 1 . 3 10 12 3 1 . 4 5 1 21 Power 6 | . . . 1 . . . . . . . . . . . 1 2 . . . . . . 2 Propulsion 15 | . . . . . 1 . . . 1 . . . . 1 1 3 1 . . 1 1 . 5 Utility 17 | . . . . . . . . . . . . 1 . 1 3 2 1 1 . 2 1 . 5 Weapon 32 | . 1 . 2 . 3 . . . . . . . . 1 5 5 1 . . 1 3 1 9 Highest Loss Streak 20 | . 1 . 1 . 2 . . . 1 . . 1 . 2 7 5 2 1 . 1 5 1 20 Average Slot Usage (%) 93 | . 99 100 99 100 99 99 100 99 100 94 90 86 86 88 85 97 91 87 88 88 88 89 88 Engine 4 | . 13 14 10 11 9 7 7 7 7 6 6 6 6 6 . 1 . . . . . . . Reactor 1 | . . . . . . . . . . . . . . . . . 4 5 5 5 5 5 4 Treads 10 | . . . . . 5 22 23 23 23 14 4 . . 2 5 14 15 11 11 10 9 10 9 Leg 7 | . 27 28 32 33 29 . . . 1 . . . . . 7 7 . . . . . . . Wheel 2 | . . . . . 1 7 7 7 5 6 12 13 13 12 1 . . . . . . . . Device 5 | . 3 . . . 2 . . . . 6 12 6 . 5 9 7 8 5 5 9 12 10 9 Storage 13 | . 16 14 11 11 16 15 15 15 15 13 13 13 13 13 11 11 13 17 17 15 15 15 15 Processor 10 | . . . 10 11 9 15 15 15 15 13 13 13 13 13 11 11 11 11 11 10 10 10 10 Hackware 2 | . . . . . . . . . . . . . . . 1 5 5 5 5 5 5 5 5 Protection 6 | . 8 14 11 11 7 7 7 6 7 6 . 5 13 6 5 7 4 4 5 5 2 5 4 Energy Gun 1 | . 14 14 1 . 6 . . . . . . . . . . 1 . . . . . . . Energy Cannon 1 | . . . 8 11 7 . . . . . . . . . . . . . . . . . . Ballistic Gun 19 | . 13 7 12 11 3 21 23 23 22 26 26 26 26 25 20 13 22 23 23 25 25 26 22 Naked Turns . | . . . . . . . . . . . . . . . . . . . . . . . . Heaviest Build 149 | 13 44 46 50 49 70 70 70 70 70 75 81 81 79 82 106 97 116 118 118 141 140 140 149 Greatest Support 160 | 20 20 20 51 51 68 64 64 64 64 42 56 56 56 56 70 107 160 160 160 160 160 160 160 Greatest Overweight (x) 6 | 1 2 2 1 . 6 6 6 6 6 6 2 1 1 6 3 1 . . . . . . 2 Average Overweight (x) 1 | . . 2 . . 1 4 3 5 4 2 1 1 1 1 1 . . . . . . . . Largest Inventory Capacity 24 | 6 12 12 12 12 18 18 18 18 18 18 18 18 18 18 18 18 24 24 24 24 24 24 24 Average Capacity 18 | 5 8 12 12 12 17 18 18 18 18 18 18 18 18 18 18 18 20 24 24 24 24 24 23 Most Carried 24 | 4 12 12 12 12 18 18 18 18 18 18 18 18 17 18 18 18 24 24 24 24 24 24 24 Average Carried 17 | 2 6 11 11 12 16 17 17 17 17 17 17 17 17 16 17 17 19 23 23 23 22 23 23 Final Capacity 24 | 6 12 12 12 12 18 18 18 18 18 18 18 18 18 18 18 18 24 24 24 24 24 24 4 Final Carried 24 | 4 12 12 12 12 18 18 18 18 18 18 18 17 17 18 14 17 24 24 24 23 20 23 4 Class Distribution -------------------- 25% | Gunner 21% | Scavenger-Tank 21% | Scavenger-Gunner 18% | Mutant 8% | Tank 4% | Scavenger-Mutant Dominant Class ---------------- Mutant | -10/Materials Mutant | -10/Mines Mutant | -9/Materials Mutant | -9/Mines Mutant | -8/Materials Gunner | -7/Factory Gunner | -7/Lower Caves Gunner | -7/Zion Gunner | -6/Proximity Caves Tank | -6/Factory Gunner | -6/Lower Caves Tank | -6/Lower Caves Tank | -6/Data Miner Gunner | -5/Proximity Caves Scavenger-Gunner | -5/Factory Scavenger-Tank | -5/Extension Scavenger-Gunner | -5/Cetus Scavenger-Gunner | -5/Archives Scavenger-Gunner | -5/Hub_04(d) Scavenger-Tank | -4/Factory Scavenger-Tank | -4/Upper Caves Scavenger-Tank | -4/Upper Caves Scavenger-Tank | -4/Warlord Resources | -11 -10 -10 -9 -9 -8 -7 -7 -7 -6 -6 -6 -6 -6 -5 -5 -5 -5 -5 -5 -4 -4 -4 -4 ----------- Run | Scr Mat Min Mat Min Mat Fac Low Zio Pro Fac Low Low Dat Pro Fac Ext Cet Arc Hub Fac Upp Upp War Matter Collected 11024 | 185 108 515 497 16 546 126 72 50 341 534 132 175 . 597 1207 1800 655 164 305 1652 850 247 250 Remotely 2196 | . . . . . . . . . . . . . . . 203 305 . . . 943 745 . . Salvage Created 13347 | . 199 86 870 93 789 152 199 . 604 1051 68 164 . 673 1371 1371 887 294 690 2198 815 323 450 Parts 627 | . 12 . 66 2 59 9 11 . 23 41 3 11 . 26 60 45 50 13 38 105 30 7 16 Haulers Intercepted 8 | . 1 . 1 . 3 . . . . . . . . . . . . . 1 2 . . . Recyclers Shooed 7 | . . . . . 1 1 . . . . . . . . 2 1 . . . 2 . . . Parts Field Recycled . | . . . . . . . . . . . . . . . . . . . . . . . . Retrieved Matter . | . . . . . . . . . . . . . . . . . . . . . . . . Parts Self-Destructed 180 | . . . . . . . 11 . 23 . . 11 . 31 . . . . . . 33 7 64 Prevented 16 | . . . . . . . 2 . . . . . . . . . . . . . 3 . 11 Kills | -11 -10 -10 -9 -9 -8 -7 -7 -7 -6 -6 -6 -6 -6 -5 -5 -5 -5 -5 -5 -4 -4 -4 -4 ------- Run | Scr Mat Min Mat Min Mat Fac Low Zio Pro Fac Low Low Dat Pro Fac Ext Cet Arc Hub Fac Upp Upp War Combat Hostiles Destroyed 253 | . 5 13 25 2 18 4 4 . 10 19 1 4 . 15 31 14 17 3 10 32 15 5 6 Melee 2 | . . . . . . . . . . . . . . . . 2 . . . . . . . Guns 181 | . 5 3 8 1 3 1 4 . 10 19 1 4 . 11 20 8 17 3 10 27 15 5 6 Cannons 21 | . . . 8 1 8 . . . . . . . . . . 4 . . . . . . . AOE 49 | . . 10 9 . 7 3 . . . . . . . 4 11 . . . . 5 . . . Classes Destroyed 20 | . 3 1 4 . 2 . 2 . . 1 1 1 . . 1 1 1 . 1 . . . 1 Worker 14 | . . . 1 . 2 . . . . 2 . . . . 1 . . . 4 4 . . . Builder 10 | . . . 1 . 4 . . . . . . . . . 1 1 . . 1 2 . . . Hauler 8 | . 1 . 1 . 3 . . . . . . . . . . . . . 1 2 . . . Recycler 5 | . . . . . 1 . . . . . . . . . 1 2 . . . 1 . . . Carrier 1 | . . . . . . . . . . . . . . . . . 1 . . . . . . Operator 1 | . . . . . . . . . . . . . . . . . . . 1 . . . . Watcher 8 | . . . 1 . . . . . . 1 . . . . 3 1 1 . . 1 . . . Swarmer 76 | . 3 . 8 . 8 3 . . . 3 . 2 . 5 11 . 9 . 4 13 6 1 . Saboteur 1 | . . . . . . . . . . 1 . . . . . . . . . . . . . Grunt 92 | . 2 . 13 2 7 . 2 . 7 12 . . . 5 11 3 3 . 5 6 6 3 5 Brawler 7 | . . . . . 1 . . . 1 . . . . 1 3 . . . . 1 . . . Duelist 7 | . . . . . . . 1 . 1 1 . . . 3 . . . . . . 1 . . Protector 1 | . . . . . . . . . . . . . . . 1 . . . . . . . . Sentry 28 | . . . 4 . 2 1 . . 1 2 . . . 1 2 7 . 3 1 1 2 1 . Hunter 11 | . . . . . . . . . . . . 2 . . . . . . . 9 . . . Programmer 8 | . . . . . . . 1 . . . . . . . 3 2 . . . 2 . . . Behemoth 2 | . . . . . . . . . . . . . . . . 2 . . . . . . . Cetus Guard 5 | . . . . . . . . . . . . . . . . . 5 . . . . . . Enhanced Grunt 1 | . . . . . . . . . . . . . . . . . . . . 1 . . . Executioner 1 | . . . . . . . . . . . . . . . . . . . . . . . 1 Assembled 13 | . . 13 . . . . . . . . . . . . . . . . . . . . . Savage 1 | . . . . . . . . . . . . . . . . 1 . . . . . . . Butcher 1 | . . . . . . . . . . . . . . . . 1 . . . . . . . Mutant 1 | . . . . . . . . . . . 1 . . . . . . . . . . . . Best Kill Streak 12 | . 2 9 12 2 6 3 3 . 5 8 1 2 . 10 6 5 7 1 6 9 5 4 5 Combat Bots Only 10 | . 2 9 10 2 5 3 3 . 5 8 1 2 . 10 5 4 7 1 4 6 5 4 5 Max Kills in Single Turn 4 | . 1 3 3 1 3 1 1 . 1 3 1 1 . 3 3 2 3 1 4 3 1 1 2 Gunslinging 2 | . . . . . . . . . . . . . . . 1 . 1 . 2 1 . . 1 Exploded 3 | . . 3 2 . 2 1 . . . . . . . 3 3 . . . . 2 . . . Melee 1 | . . . . . . . . . . . . . . . . 1 . . . . . . . Uniques/NPCs Destroyed . | . . . . . . . . . . . . . . . . . . . . . . . . Combat | -11 -10 -10 -9 -9 -8 -7 -7 -7 -6 -6 -6 -6 -6 -5 -5 -5 -5 -5 -5 -4 -4 -4 -4 -------- Run | Scr Mat Min Mat Min Mat Fac Low Zio Pro Fac Low Low Dat Pro Fac Ext Cet Arc Hub Fac Upp Upp War Damage Taken 21179 | . 337 227 470 12 1285 247 156 . 797 590 59 408 . 967 2482 2900 634 294 565 2689 1190 214 4656 Core 2024 | . 74 28 30 . 157 7 . . 23 69 . 77 . 115 143 81 25 . 37 220 94 . 844 Absorbed by Shields 1741 | . . . . . . . . . . 214 22 112 . . . 210 308 . . 371 338 89 77 Reduced by Siege Mode 163 | . . . . . . . . . . . . . . . 60 . 3 7 . 20 50 23 . Core Remaining (%) 79 | 100 . 59 . 92 71 . . . 95 . . . . 69 . . . . 71 . . . . Volleys Fired 564 | . 26 21 50 4 52 6 8 . 33 39 4 11 . 35 64 41 31 9 18 62 26 8 16 Largest 5 | . 2 1 2 2 2 3 3 . 3 4 4 4 . 4 4 4 4 4 4 5 5 5 5 Hottest 240 | . 70 40 96 91 131 75 75 . 75 103 103 113 . 113 163 216 240 140 140 175 170 170 234 Shots Fired 1816 | . 51 21 89 8 84 10 24 . 98 156 16 44 . 128 204 141 109 36 71 289 130 40 67 Gun 1652 | . 51 13 58 4 34 6 24 . 98 156 16 44 . 126 193 98 109 36 71 284 130 40 61 Cannon 112 | . . . 24 4 39 . . . . . . . . . . 39 . . . . . . 6 Launcher 52 | . . 8 7 . 11 4 . . . . . . . 2 11 4 . . . 5 . . . Special . | . . . . . . . . . . . . . . . . . . . . . . . . Kinetic 1627 | . 25 . 56 4 27 6 24 . 98 156 16 44 . 126 188 131 108 36 71 284 130 40 57 Thermal 72 | . 26 . 6 4 20 . . . . . . . . . 5 6 1 . . . . . 4 Explosive 37 | . . 8 4 . 3 . . . . . . . . 2 11 4 . . . 5 . . . Electromagnetic 77 | . . 13 23 . 34 4 . . . . . . . . . . . . . . . . 3 Entropic 3 | . . . . . . . . . . . . . . . . . . . . . . . 3 Robot Hit Streak 38 | . 7 4 17 6 10 7 9 . 24 25 38 10 . 21 30 19 21 12 9 18 14 12 14 Robot Miss Streak 5 | . 2 4 1 1 4 1 1 . 2 4 . 2 . 2 3 4 3 2 5 5 3 1 2 Penetration Max 2 | . . . . . . . . . . . . . . 1 1 1 1 1 1 2 1 2 1 Secondary Targets 46 | . 1 . 1 . . . 2 . . 3 . 1 . 2 4 . 7 . 4 9 5 2 5 Max Gunslinging Chain 2 | . 1 . 1 . . . 1 . . 1 . 1 . 1 1 . 2 . 2 1 1 1 2 Shots Hit Robots 1254 | . 34 9 60 6 61 7 20 . 80 99 13 27 . 86 151 105 84 22 52 165 88 32 53 Core Hits 622 | . 10 24 37 2 46 9 9 . 32 55 4 9 . 37 79 57 37 9 27 82 31 12 14 Critical Hits 153 | . . . . 2 2 . . . 1 1 1 . . 5 9 29 15 7 15 37 19 2 8 Critical Kills 57 | . . . . . 1 . . . . . . . . . 6 8 8 3 3 16 7 2 3 Critical Parts Destroyed 78 | . . . . 2 1 . . . 1 1 1 . . 5 3 11 5 1 12 21 10 . 4 Melee Attacks 33 | . . . . . . 4 . . 1 . . . . . 6 11 . . . 3 . . 8 Impact . | . . . . . . . . . . . . . . . . . . . . . . . . Slashing 32 | . . . . . . 4 . . 1 . . . . . 6 11 . . . 3 . . 7 Piercing . | . . . . . . . . . . . . . . . . . . . . . . . . Entropic 1 | . . . . . . . . . . . . . . . . . . . . . . . 1 Sneak Attacks . | . . . . . . . . . . . . . . . . . . . . . . . . Combat Hostiles . | . . . . . . . . . . . . . . . . . . . . . . . . Follow-up Attacks 1 | . . . . . . . . . . . . . . . . . . . . . . . 1 Damage Inflicted 34783 | . 359 629 1633 96 2059 235 387 . 1388 1766 244 343 . 2214 5201 4108 2010 587 2239 4847 2445 651 1342 Guns 24904 | . 359 80 476 34 519 82 387 . 1347 1766 244 343 . 1787 3341 2135 2010 587 1468 3867 2445 651 976 Cannons 2158 | . . . 450 62 613 . . . . . . . . . . 779 . . . . . . 254 Explosions 7058 | . . 549 707 . 927 125 . . . . . . . 427 1857 744 . . 771 951 . . . Melee 590 | . . . . . . . . . 28 . . . . . . 450 . . . . . . 112 Ramming 73 | . . . . . . 28 . . 13 . . . . . 3 . . . . 29 . . . Kinetic 24971 | . 156 . 451 34 416 82 387 . 1347 1766 244 343 . 1787 3233 2809 2010 587 1468 3867 2445 651 888 Thermal 1286 | . 203 . 102 62 481 . . . . . . . . . 108 105 . . 137 . . . 88 Explosive 5723 | . . 549 679 . 516 . . . . . . . . 427 1857 744 . . . 951 . . . Electromagnetic 1934 | . . 80 401 . 646 125 . . . . . . . . . . . . 634 . . . 48 Impact . | . . . . . . . . . . . . . . . . . . . . . . . . Slashing 520 | . . . . . . . . . 28 . . . . . . 450 . . . . . . 42 Piercing . | . . . . . . . . . . . . . . . . . . . . . . . . Entropic 276 | . . . . . . . . . . . . . . . . . . . . . . . 276 Highest Corruption 4 | . . . . . 4 . . . . . . . . . 4 4 1 . 3 2 2 . 4 Average Corruption 2 | . . . . . 3 . . . . . . . . . 1 3 1 . 2 1 1 . 2 Corruption Purged 8 | . . . . . . . . . . . . . . . 1 4 1 . . . 2 . . Effects 53 | . . . . . 14 . . . . . . . . . 8 17 2 . 5 6 1 . . Message Errors 13 | . . . . . 2 . . . . . . . . . 4 4 . . 2 1 . . . Matter Fused 8 | . . . . . 4 . . . . . . . . . . 4 . . . . . . . Heat Flow Errors 6 | . . . . . 4 . . . . . . . . . . 2 . . . . . . . Energy Discharges 4 | . . . . . . . . . . . . . . . 1 . . . 2 1 . . . Data Loss (minor) 10 | . . . . . . . . . . . . . . . 1 5 1 . . 2 1 . . Targeting Errors 9 | . . . . . 3 . . . . . . . . . 2 2 1 . . 1 . . . Weapon Failures 3 | . . . . . 1 . . . . . . . . . . . . . 1 1 . . . Overload Shots 1 | . . . . . . . . . . . . . . . . . 1 . . . . . . Overflow Damage 370 | . . 16 15 . 82 . . . . . . . . 47 71 27 . . . 57 . . 55 Projectiles 32 | . . . 12 . 20 . . . . . . . . . . . . . . . . . . Explosions 256 | . . 16 3 . 62 . . . . . . . . 47 71 . . . . 57 . . . Melee 82 | . . . . . . . . . . . . . . . . 27 . . . . . . 55 Knockbacks 6 | . . . . . 4 . . . . . . . . . . 2 . . . . . . . Impact . | . . . . . . . . . . . . . . . . . . . . . . . . Kinetic 6 | . . . . . 4 . . . . . . . . . . 2 . . . . . . . Secondary . | . . . . . . . . . . . . . . . . . . . . . . . . Self-Inflicted Damage 641 | . . 33 . . 143 24 . . . 79 . . . . 201 66 . . 95 . . . . Shots 21 | . . 2 . . 9 2 . . . 1 . . . . 5 1 . . 1 . . . . Rammed 7 | . . . . . . 2 . . 2 . . . . . 1 . . . . 2 . . . Targets Rammed 7 | . . . . . . 2 . . 2 . . . . . 1 . . . . 2 . . . Kicked . | . . . . . . . . . . . . . . . . . . . . . . . . Crushed . | . . . . . . . . . . . . . . . . . . . . . . . . Highest Temperature 387 | . 249 30 133 157 351 68 171 . 325 334 147 231 . 267 387 202 130 3 10 8 6 . 251 Average Temperature 86 | . 109 14 35 81 114 33 70 . 118 115 67 104 . 102 86 53 23 3 4 4 2 . 69 Received Heat Transfer 3902 | . 135 . 159 6 414 66 54 . 336 134 . . . 291 534 672 43 36 177 60 156 . 629 Effects 6 | . 3 . . . 1 . . . . 1 . . . . 1 . . . . . . . . Energy Bleed 3 | . 1 . . . 1 . . . . . . . . . 1 . . . . . . . . Interference 3 | . 2 . . . . . . . . 1 . . . . . . . . . . . . . Siege Activations 18 | . . . . . . . . . . . . . . . 6 . 2 2 2 2 2 2 . Total Turns 283 | . . . . . . . . . . . . . . . 99 . 19 16 18 39 48 44 . Longest Duration 30 | . . . . . . . . . . . . . . . 30 . 11 8 13 27 28 29 . Robots Corrupted . | . . . . . . . . . . . . . . . . . . . . . . . . Combat Hostiles . | . . . . . . . . . . . . . . . . . . . . . . . . Parts Fried 4 | . . . . . 1 . . . . . . . . . . . . . 3 . . . . Impact Corruptions . | . . . . . . . . . . . . . . . . . . . . . . . . Robots Melted . | . . . . . . . . . . . . . . . . . . . . . . . . Combat Hostiles . | . . . . . . . . . . . . . . . . . . . . . . . . Parts Melted 5 | . . . . . 3 . . . . . . . . 1 . . . . 1 . . . . Heat Transferred 2217 | . 569 . 185 111 781 . . . . . . . . . 175 185 . . 100 . . . 111 Parts Sabotaged . | . . . . . . . . . . . . . . . . . . . . . . . . Parts Stolen . | . . . . . . . . . . . . . . . . . . . . . . . . Parts Stripped . | . . . . . . . . . . . . . . . . . . . . . . . . Power Chain Reactions 4 | . . . . . 3 . . . . . . . . . . . . . 1 . . . . Missiles Intercepted . | . . . . . . . . . . . . . . . . . . . . . . . . Alert | -11 -10 -10 -9 -9 -8 -7 -7 -7 -6 -6 -6 -6 -6 -5 -5 -5 -5 -5 -5 -4 -4 -4 -4 ------- Run | Scr Mat Min Mat Min Mat Fac Low Zio Pro Fac Low Low Dat Pro Fac Ext Cet Arc Hub Fac Upp Upp War Peak Influence 1950 | . 100 11 549 281 334 302 . . . 609 . . . . 1166 830 1129 649 1950 1841 . . . Initial 955 | . . 11 . 207 31 151 . . . 12 . . . . 210 571 382 451 226 955 . . . Average 500 | . 14 6 399 218 167 188 . . . 405 . . . . 588 530 773 617 930 1445 . . . Maximum Alert Level 5 | . . . 2 1 1 1 . . . 2 . . . . 4 3 4 2 5 5 . . . Low Security (%) 23 | 100 100 100 10 20 64 49 . . . 17 . . . . . . . . . . . . . Level 1 22 | . . . 29 79 35 50 . . . 29 . . . . 23 24 5 . 14 . . . . Level 2 33 | . . . 60 . . . . . . 53 . . . . 48 64 43 100 10 . . . . Level 3 9 | . . . . . . . . . . . . . . . 20 11 35 . 24 17 . . . Level 4 8 | . . . . . . . . . . . . . . . 7 . 15 . 50 57 . . . Level 5 . | . . . . . . . . . . . . . . . . . . . . 9 . . . High Security 1 | . . . . . . . . . . . . . . . . . . . . 16 . . . Max Security . | . . . . . . . . . . . . . . . . . . . . . . . . Squads Dispatched 45 | . 1 . 5 . 1 1 . . . 2 . . . 1 11 7 . . 4 12 . . . Investigation 7 | . . . 3 . . . . . . 1 . . . . 2 1 . . . . . . . Extermination 3 | . . . . . . . . . . . . . . . 2 . . . . 1 . . . Reinforcement 16 | . 1 . 2 . 1 1 . . . . . . . . 1 3 . . 4 3 . . . Assault 16 | . . . . . . . . . . 1 . . . 1 3 3 . . . 8 . . . Garrison 3 | . . . . . . . . . . . . . . . 3 . . . . . . . . Intercept . | . . . . . . . . . . . . . . . . . . . . . . . . Construction Impeded 4 | . . . . . 1 . . . . . . . . . 1 . . . 1 1 . . . Haulers Reinforced 2 | . . . . . . . . . . . . . . . . . . . 1 1 . . . Stealth | -11 -10 -10 -9 -9 -8 -7 -7 -7 -6 -6 -6 -6 -6 -5 -5 -5 -5 -5 -5 -4 -4 -4 -4 --------- Run | Scr Mat Min Mat Min Mat Fac Low Zio Pro Fac Low Low Dat Pro Fac Ext Cet Arc Hub Fac Upp Upp War Distress Signals 26 | . 2 . 3 . 3 . . . . 3 . . . . 1 3 2 . 2 5 . . 2 Communications Jammed . | . . . . . . . . . . . . . . . . . . . . . . . . Distress Signals . | . . . . . . . . . . . . . . . . . . . . . . . . Times Spotted 456 | . 12 11 41 3 30 11 4 . 14 24 1 6 . 27 59 53 30 5 34 53 19 4 15 Peak Tracking Total 18 | . 4 5 8 3 6 4 3 . 6 5 1 3 . 8 8 18 6 1 9 10 5 4 8 Tactical Retreats 34 | . 1 . 1 . 4 2 . . 3 . . 1 . 2 9 2 . . 3 2 4 . . Traps | -11 -10 -10 -9 -9 -8 -7 -7 -7 -6 -6 -6 -6 -6 -5 -5 -5 -5 -5 -5 -4 -4 -4 -4 ------- Run | Scr Mat Min Mat Min Mat Fac Low Zio Pro Fac Low Low Dat Pro Fac Ext Cet Arc Hub Fac Upp Upp War Traps Triggered 17 | . 1 . 1 . 4 1 . . . . . . . . 2 5 . . 2 1 . . . Indirectly 3 | . . . . . 2 . . . . . . . . . . . . . 1 . . . . Trap Hack Attempts . | . . . . . . . . . . . . . . . . . . . . . . . . Triggered . | . . . . . . . . . . . . . . . . . . . . . . . . Disarmed . | . . . . . . . . . . . . . . . . . . . . . . . . Reprogrammed . | . . . . . . . . . . . . . . . . . . . . . . . . Reused 1 | . . . . . . . . . . . . . . . . . . . . . . . 1 Traps Extracted . | . . . . . . . . . . . . . . . . . . . . . . . . Installed 2 | . . . . . . . . . . . . . . . . . . . . . . 1 1 Triggered 19 | . . . . . . . 1 . . . . . . . . . . . . . 2 . 16 Machines | -11 -10 -10 -9 -9 -8 -7 -7 -7 -6 -6 -6 -6 -6 -5 -5 -5 -5 -5 -5 -4 -4 -4 -4 ---------- Run | Scr Mat Min Mat Min Mat Fac Low Zio Pro Fac Low Low Dat Pro Fac Ext Cet Arc Hub Fac Upp Upp War Machines Disabled 45 | . . . . . 3 . . . . 1 . . . . 7 4 2 1 19 6 1 . 1 Max in Single Turn 8 | . . . . . 1 . . . . 1 . . . . 1 2 1 1 8 3 1 . 1 Garrison Access 3 | . . . . . 1 . . . . 1 . . . . 1 . . . . . . . . Network Hub 2 | . . . . . . . . . . . . . . . . . . . 2 . . . . Machines Sabotaged . | . . . . . . . . . . . . . . . . . . . . . . . . Garrisons Compromised . | . . . . . . . . . . . . . . . . . . . . . . . . Overloaded Fab Kills . | . . . . . . . . . . . . . . . . . . . . . . . . Fab Network Shutdowns . | . . . . . . . . . . . . . . . . . . . . . . . . Hacking | -11 -10 -10 -9 -9 -8 -7 -7 -7 -6 -6 -6 -6 -6 -5 -5 -5 -5 -5 -5 -4 -4 -4 -4 --------- Run | Scr Mat Min Mat Min Mat Fac Low Zio Pro Fac Low Low Dat Pro Fac Ext Cet Arc Hub Fac Upp Upp War Machines Accessed 59 | . 4 . 7 . 6 2 . 1 . 7 3 1 4 . 6 3 3 1 4 1 1 . 5 Terminals 32 | . 4 . 4 . 5 1 . . . 5 . . . . 3 2 3 . 4 1 . . . Fabricators 2 | . . . . . . 1 . . . . . . . . 1 . . . . . . . . Repair Stations 2 | . . . . . . . . . . 1 . . . . . 1 . . . . . . . Recycling Units 1 | . . . 1 . . . . . . . . . . . . . . . . . . . . Scanalyzers 3 | . . . 2 . . . . . . . . . . . 1 . . . . . . . . Garrison Access 3 | . . . . . 1 . . . . 1 . . . . 1 . . . . . . . . Total Hacks 210 | . 13 . 18 . 18 4 . 2 . 26 8 1 25 . 14 11 7 25 10 13 1 . 14 Successful 154 | . 8 . 16 . 6 2 . 2 . 16 8 1 25 . 10 7 2 25 4 7 1 . 14 Failed 56 | . 5 . 2 . 12 2 . . . 10 . . . . 4 4 5 . 6 6 . . . Catastrophic 6 | . 1 . 1 . . . . . . 1 . . . . 1 . 1 . . 1 . . . Database Lockouts . | . . . . . . . . . . . . . . . . . . . . . . . . Manual 62 | . 7 . 6 . 4 1 . . . 16 . . . . 7 6 2 1 4 6 . . 2 Terminals 109 | . 13 . 9 . 17 2 . . . 22 . . . . 7 9 7 . 10 13 . . . Fabricators 3 | . . . . . . 2 . . . . . . . . 1 . . . . . . . . Repair Stations 5 | . . . . . . . . . . 3 . . . . . 2 . . . . . . . Recycling Units 2 | . . . 2 . . . . . . . . . . . . . . . . . . . . Scanalyzers 11 | . . . 7 . . . . . . . . . . . 4 . . . . . . . . Garrison Access 4 | . . . . . 1 . . . . 1 . . . . 2 . . . . . . . . Terminal Hacks 113 | . 5 . 3 . 4 1 . 2 . 9 8 1 25 . 2 4 2 25 2 5 1 . 14 Record 57 | . . . . . . . . . . . 6 1 9 . . . 2 25 . 1 . . 13 Part Schematic 10 | . . . . . . . . 2 . . . . 8 . . . . . . . . . . Robot Schematic 5 | . . . . . . . . . . . . . 5 . . . . . . . . . . Robot Analysis 6 | . 1 . . . 1 . . . . 3 . . . . 1 . . . . . . . . Prototype ID Bank 7 | . 2 . . . . . . . . . . . 3 . . 1 . . 1 . . . . Open Door 4 | . . . . . . . . . . . 2 . . . . . . . . . 1 . 1 Level Access Points 1 | . . . . . . . . . . 1 . . . . . . . . . . . . . Branch Access Points 5 | . . . 1 . 1 1 . . . 1 . . . . 1 . . . . . . . . Alert Level 5 | . . . . . . . . . . 2 . . . . . 1 . . 1 1 . . . Unreport Threat 3 | . 1 . . . 1 . . . . . . . . . . . . . . 1 . . . Locate Traps 5 | . . . 1 . 1 . . . . 1 . . . . . 1 . . . 1 . . . Recall Investigation 1 | . . . . . . . . . . . . . . . . 1 . . . . . . . Hauler Manifests 2 | . 1 . . . . . . . . 1 . . . . . . . . . . . . . Zone Layout 2 | . . . 1 . . . . . . . . . . . . . . . . 1 . . . Fabricator Hacks 1 | . . . . . . 1 . . . . . . . . . . . . . . . . . Build 1 | . . . . . . 1 . . . . . . . . . . . . . . . . . Repair Station Hacks 2 | . . . . . . . . . . 1 . . . . . 1 . . . . . . . Scan Component 2 | . . . . . . . . . . 1 . . . . . 1 . . . . . . . Recycling Unit Hacks 1 | . . . 1 . . . . . . . . . . . . . . . . . . . . Report Inventory 1 | . . . 1 . . . . . . . . . . . . . . . . . . . . Scanalyzer 10 | . . . 6 . . . . . . . . . . . 4 . . . . . . . . Insert Component 5 | . . . 3 . . . . . . . . . . . 2 . . . . . . . . Analyze 5 | . . . 3 . . . . . . . . . . . 2 . . . . . . . . Garrison Access Hacks 1 | . . . . . 1 . . . . . . . . . . . . . . . . . . Seal Access 1 | . . . . . 1 . . . . . . . . . . . . . . . . . . Unauthorized Hacks 26 | . 3 . 6 . 1 . . . . 6 . . . . 4 2 . . 2 2 . . . Terminals 23 | . 3 . 5 . 1 . . . . 5 . . . . 3 2 . . 2 2 . . . Track 11 | . 2 . 3 . . . . . . 2 . . . . 1 1 . . 1 1 . . . Botnet 12 | . 1 . 2 . 1 . . . . 3 . . . . 2 1 . . 1 1 . . . Fabricators . | . . . . . . . . . . . . . . . . . . . . . . . . Repair Stations . | . . . . . . . . . . . . . . . . . . . . . . . . Recycling Units 1 | . . . 1 . . . . . . . . . . . . . . . . . . . . Tunnel 1 | . . . 1 . . . . . . . . . . . . . . . . . . . . Scanalyzers . | . . . . . . . . . . . . . . . . . . . . . . . . Garrison Access 2 | . . . . . . . . . . 1 . . . . 1 . . . . . . . . Jam 2 | . . . . . . . . . . 1 . . . . 1 . . . . . . . . Data Cores Recovered 1 | . . . . . . . . . . . . . . . . 1 . . . . . . . Used . | . . . . . . . . . . . . . . . . . . . . . . . . Hacking Detections 39 | . 4 . 6 . 5 2 . . . 6 . . . . 5 3 3 . 4 1 . . . Full Trace Events 2 | . . . 2 . . . . . . . . . . . . . . . . . . . . Feedback Events . | . . . . . . . . . . . . . . . . . . . . . . . . Feedback Blocked . | . . . . . . . . . . . . . . . . . . . . . . . . Robot Schematics Acquired 5 | . . . . . . . . . . . . . 5 . . . . . . . . . . Robots Built 1 | . . . . . . 1 . . . . . . . . . . . . . . . . . Matter 153 | . . . . . . 153 . . . . . . . . . . . . . . . . . Time 81 | . . . . . . 81 . . . . . . . . . . . . . . . . . Total Robot Build Rating 1 | . . . . . . 1 . . . . . . . . . . . . . . . . . Part Schematics Acquired 14 | . . . 2 . . . . 2 . . . . 8 . 2 . . . . . . . . Parts Built . | . . . . . . . . . . . . . . . . . . . . . . . . Matter . | . . . . . . . . . . . . . . . . . . . . . . . . Time . | . . . . . . . . . . . . . . . . . . . . . . . . Total Part Build Rating . | . . . . . . . . . . . . . . . . . . . . . . . . Parts Repaired . | . . . . . . . . . . . . . . . . . . . . . . . . Time . | . . . . . . . . . . . . . . . . . . . . . . . . Parts Recycled . | . . . . . . . . . . . . . . . . . . . . . . . . Recycled Matter . | . . . . . . . . . . . . . . . . . . . . . . . . Retrieved Matter . | . . . . . . . . . . . . . . . . . . . . . . . . Retrieved Components . | . . . . . . . . . . . . . . . . . . . . . . . . Parts Scanalyzed 4 | . . . 2 . . . . . . . . . . . 2 . . . . . . . . Part Schematics Acquired 4 | . . . 2 . . . . . . . . . . . 2 . . . . . . . . Parts Damaged . | . . . . . . . . . . . . . . . . . . . . . . . . Bothacking | -11 -10 -10 -9 -9 -8 -7 -7 -7 -6 -6 -6 -6 -6 -5 -5 -5 -5 -5 -5 -4 -4 -4 -4 ------------ Run | Scr Mat Min Mat Min Mat Fac Low Zio Pro Fac Low Low Dat Pro Fac Ext Cet Arc Hub Fac Upp Upp War Used RIF Installer . | . . . . . . . . . . . . . . . . . . . . . . . . Robots Hacked . | . . . . . . . . . . . . . . . . . . . . . . . . Non-combat . | . . . . . . . . . . . . . . . . . . . . . . . . Combat . | . . . . . . . . . . . . . . . . . . . . . . . . Robot Hacks Applied . | . . . . . . . . . . . . . . . . . . . . . . . . Relay Couplers Released . | . . . . . . . . . . . . . . . . . . . . . . . . Robots Rewired 19 | . . . . . . . . . . . . . . 2 . 15 . . . 1 1 . . Allies Hacked . | . . . . . . . . . . . . . . . . . . . . . . . . Hacks Repelled . | . . . . . . . . . . . . . . . . . . . . . . . . Allies | -11 -10 -10 -9 -9 -8 -7 -7 -7 -6 -6 -6 -6 -6 -5 -5 -5 -5 -5 -5 -4 -4 -4 -4 -------- Run | Scr Mat Min Mat Min Mat Fac Low Zio Pro Fac Low Low Dat Pro Fac Ext Cet Arc Hub Fac Upp Upp War Total Allies 49 | . . 3 . 1 . 1 . . . . 3 . . 3 . 31 5 . . 1 1 . . Largest Group 12 | . . 3 3 1 . 1 . . . . 3 . . 3 3 12 5 5 4 1 1 . . Highest-Rated Group 532 | . . 40 40 31 . 6 . . . . 93 . . 173 173 452 532 519 376 94 30 . . Highest-Rated Ally 156 | . . 16 16 31 . 6 . . . . 31 . . 94 94 156 156 143 94 94 30 . . Total Orders 22 | . . 2 . . . 1 . . . . 5 3 . 4 . . . 2 . 5 . . . STAY 3 | . . 1 . . . . . . . . 1 . . . . . . 1 . . . . . ROAM 1 | . . . . . . 1 . . . . . . . . . . . . . . . . . FOLLOW 2 | . . 1 . . . . . . . . . . . . . . . 1 . . . . . EXPLORE 11 | . . . . . . . . . . . 3 2 . 3 . . . . . 3 . . . RETURN 5 | . . . . . . . . . . . 1 1 . 1 . . . . . 2 . . . Ally Attacks 350 | . . . 28 7 . . . . . . . . . 22 25 131 53 2 74 2 6 . . Total Damage 10171 | . . . 343 85 . . . . . . . . . 903 770 3615 1430 69 2700 60 196 . . Kills 73 | . . . 6 1 . . . . . . . . . 6 5 21 12 1 21 . . . . Allies Corrupted . | . . . . . . . . . . . . . . . . . . . . . . . . Allies Melted . | . . . . . . . . . . . . . . . . . . . . . . . . Intel | -11 -10 -10 -9 -9 -8 -7 -7 -7 -6 -6 -6 -6 -6 -5 -5 -5 -5 -5 -5 -4 -4 -4 -4 ------- Run | Scr Mat Min Mat Min Mat Fac Low Zio Pro Fac Low Low Dat Pro Fac Ext Cet Arc Hub Fac Upp Upp War Robot Analysis Total 6 | . 1 . . . 1 . . . . 3 . . . . 1 . . . . . . . . Derelict Logs Recovered 14 | . . 2 . 1 . . . 2 1 . 1 . . 2 . . . . . . 2 3 . Drone Launches 13 | . . . . . . . . . . . 2 2 . 3 . . . . . 6 . . . Drone Recoveries 8 | . . . . . . . . . . . 2 2 . 1 . . . . . 3 . . . Exploration | -11 -10 -10 -9 -9 -8 -7 -7 -7 -6 -6 -6 -6 -6 -5 -5 -5 -5 -5 -5 -4 -4 -4 -4 ------------- Run | Scr Mat Min Mat Min Mat Fac Low Zio Pro Fac Low Low Dat Pro Fac Ext Cet Arc Hub Fac Upp Upp War Turns Passed 19398 | 66 665 657 1069 503 1090 545 440 1167 1189 794 537 671 88 522 1820 1819 748 344 494 911 1073 1150 1036 Spaces Moved 11333 | 47 381 327 596 379 582 332 274 823 736 514 431 566 81 356 1032 889 370 176 252 378 561 673 577 Core 4 | 4 . . . . . . . . . . . . . . . . . . . . . . . Treads 3774 | . . . . . . 97 120 1 108 28 16 . . 1 62 354 370 176 252 378 561 673 577 Legs 3314 | 43 381 327 596 379 495 . . . . . . . . . 558 535 . . . . . . . Wheels 4241 | . . . . . 87 235 154 822 628 486 415 566 81 355 412 . . . . . . . . Hover . | . . . . . . . . . . . . . . . . . . . . . . . . Flight . | . . . . . . . . . . . . . . . . . . . . . . . . Fastest Speed 50 | 50 120 180 130 130 130 140 140 140 140 120 105 110 110 105 130 150 160 160 160 160 160 160 160 Average Speed 144 | 115 140 180 139 130 140 151 154 140 144 127 113 110 110 108 143 158 163 160 160 160 160 160 160 Slowest Speed 205 | 150 180 180 156 130 160 205 173 173 173 177 177 110 110 200 180 190 166 160 160 160 160 160 185 Overloaded Moves . | . . . . . . . . . . . . . . . . . . . . . . . . Propulsion Burnouts . | . . . . . . . . . . . . . . . . . . . . . . . . Robots Hopped . | . . . . . . . . . . . . . . . . . . . . . . . . Cave-ins Triggered . | . . . . . . . . . . . . . . . . . . . . . . . . Exploration Rate (%) 62 | 5 63 57 62 85 54 11 36 84 81 14 96 78 73 89 29 84 94 100 48 25 75 76 87 Regions Visited 23 Branch Regions 16 Pre-discovered Areas 7 | . . 1 1 . . . . 1 . . 1 . 1 . . . . . . . . 2 . Known Exits Taken 7 | . . . 1 . 1 1 . . . 1 . . . 1 1 . . . 1 . . . . Unknown Exits Taken 16 | 1 1 1 . 1 . . 1 1 1 . 1 1 1 . . 1 1 1 . 1 1 1 . Scrap Searched 32 | . . 2 . 1 . . 1 2 4 . 12 2 . 2 . . . . . . 2 4 . Spaces Dug 37 | . . . 4 . . 4 . . . . . . . 15 6 . . . . 3 . . 5 Terrain Destroyed 984 | . . 99 21 . 48 4 . . . 33 . . . 23 127 29 11 11 309 182 66 7 14 Melee 18 | . . . . . . 4 . . . . . . . . 6 . . . . 3 . . 5 Projectile 238 | . . . . . . . . . . 1 . . . 1 10 16 11 11 18 88 66 7 9 AOE 728 | . . 99 21 . 48 . . . . 32 . . . 22 111 13 . . 291 91 . . . Terrain Rammed . | . . . . . . . . . . . . . . . . . . . . . . . . Walls Destroyed . | . . . . . . . . . . . . . . . . . . . . . . . . Machines Disabled . | . . . . . . . . . . . . . . . . . . . . . . . . Actions | -11 -10 -10 -9 -9 -8 -7 -7 -7 -6 -6 -6 -6 -6 -5 -5 -5 -5 -5 -5 -4 -4 -4 -4 --------- Run | Scr Mat Min Mat Min Mat Fac Low Zio Pro Fac Low Low Dat Pro Fac Ext Cet Arc Hub Fac Upp Upp War Total 13279 | 56 457 374 760 382 769 362 283 840 821 620 481 594 80 428 1252 1193 460 219 302 511 661 727 647 Wait 580 | . 19 20 42 . 49 3 . . 43 43 18 9 . 7 78 76 17 25 20 11 57 35 8 Move 11310 | 46 380 326 595 378 581 331 273 822 735 513 430 565 80 355 1031 888 369 175 251 377 560 672 577 Hop . | . . . . . . . . . . . . . . . . . . . . . . . . Pick Up 156 | 4 10 2 14 . 24 5 1 3 1 9 7 1 . 3 14 16 10 4 4 9 3 7 5 Fast Attach 89 | 6 5 . 12 . 10 2 . 6 1 2 3 2 . 1 9 15 8 . 1 2 1 . 3 Attach 65 | . 1 . 3 . 4 2 . . 1 2 . 1 . 4 11 7 4 1 . 6 5 1 12 Detach 15 | . . . 1 . 1 . . . 1 1 . . . 2 1 3 3 . . 1 . . 1 Swap 157 | . 10 3 15 . 24 4 . . 2 1 5 1 . 4 23 20 6 1 2 22 8 . 6 Drop 183 | . 6 2 28 . 24 3 1 9 1 10 14 4 . . 14 23 12 4 6 8 . 3 11 Fire 564 | . 26 21 50 4 52 6 8 . 33 39 4 11 . 35 64 41 31 9 18 62 26 8 16 Melee 32 | . . . . . . 4 . . 1 . . . . . 6 11 . . . 3 . . 7 Ram . | . . . . . . . . . . . . . . . . . . . . . . . . Kick . | . . . . . . . . . . . . . . . . . . . . . . . . Crush 7 | . . . . . . 2 . . 2 . . . . . 1 . . . . 2 . . . Escape Stasis 14 | . . . . . . . . . . . . . . . . 14 . . . . . . . Rewire 105 | . . . . . . . . . . . . . . 17 . 79 . . . 8 1 . . Trap 2 | . . . . . . . . . . . . . . . . . . . . . . 1 1 Miscellaneous . | . . . . . . . . . . . . . . . . . . . . . . . . Route ------- -11/Scrapyard -10/Materials (discovered 2 exits: *Mat / [*Min]) -10/Mines -9/Materials (discovered 4 exits: *Mat x2 / *Min x2) -9/Mines -8/Materials (discovered 2 exits: *Fac x2) -7/Factory (discovered 4 exits: Sto x2 / *Low x2) -7/Lower Caves -7/Zion (discovered 2 exits: Dee / [*Pro]) -6/Proximity Caves -6/Factory (discovered 6 exits: Fac x4 / *Low x2) -6/Lower Caves -6/Lower Caves (discovered 2 exits: *Fac / *Dat) -6/Data Miner -5/Proximity Caves -5/Factory (discovered 5 exits: *Fac / Upp x2 / *Ext x2) -5/Extension (discovered 2 exits: *Fac / *Cet) -5/Cetus (discovered 3 exits: *Fac x2 / *Arc) -5/Archives (discovered 3 exits: *Fac / *Hub x2) -5/Hub_04(d) (discovered 2 exits: *Fac x2) -4/Factory -4/Upper Caves -4/Upper Caves (discovered 2 exits: [*Res] / *War) -4/Warlord History --------- Turn | Location | Event 7 | -11/Scrapyard | Discovered new exit (range 15) 67 | -11/Scrapyard | Entered Materials 415 | -10/Materials | Discovered new exit (range 5) 632 | -10/Materials | Build established: Mutant 648 | -10/Materials | Discovered new exit (range 9) 732 | -10/Materials | Entered Mines 739 | -10/Mines | Received a Rocket Launcher from a helpful Derelict 831 | -10/Mines | Assembled infested the area 893 | -10/Mines | Destroyed 9 combat bots 948 | -10/Mines | Learned location of Zion (-7) 1065 | -10/Mines | Discovered new exit (range 10) 1114 | -10/Mines | Learned Materials emergency access door positions 1122 | -10/Mines | Assisted by bots powering up and referring to "LRC-V3" 1389 | -10/Mines | Entered Materials 1389 | -9/Materials | Accompanied by 3 allies 1389 | -9/Materials | Evolved 2 slots: Propulsion x1, Utility x1 1555 | -9/Materials | Destroyed 10 combat bots 1694 | -9/Materials | Identified exit to Mines 1718 | -9/Materials | Discovered new exit (range 7) 1895 | -9/Materials | Build established: Scavenger-Mutant 2080 | -9/Materials | Discovered new exit (range 5) 2281 | -9/Materials | Build established: Mutant 2458 | -9/Materials | Entered Mines 2512 | -9/Mines | Learned location of 2 exits from Materials 2560 | -9/Mines | Received a Mining Laser from a helpful Derelict 2745 | -9/Mines | Discovered new exit (range 13) 2961 | -9/Mines | Entered Materials 2961 | -8/Materials | Evolved 2 slots: Propulsion x1, Utility x1 2962 | -8/Materials | Identified exit to Factory 4051 | -8/Materials | Entered Factory 4051 | -7/Factory | Evolved 2 slots: Utility x1, Weapon x1 4208 | -7/Factory | Identified exit to Storage 4208 | -7/Factory | Identified exit to Lower Caves 4369 | -7/Factory | Fabricated K-01 Serf (x1) 4596 | -7/Factory | Entered Lower Caves 4706 | -7/Lower Caves | A Derelict revealed a hidden shortcut to a safe place 4714 | -7/Lower Caves | Build established: Gunner 4725 | -7/Lower Caves | Encountered a Warlord checkpoint 5036 | -7/Lower Caves | Entered Zion 5184 | -7/Zion | Discovered new exit (range 15) 5222 | -7/Zion | Given the Hacking Drone Bay 5534 | -7/Zion | Visited the Megawrench Repair Shop 5534 | -7/Zion | Megawrench repaired 11 parts 5603 | -7/Zion | Learned location of Quarantine (-2) 5807 | -7/Zion | Identified exit to Deep Caves 6203 | -7/Zion | Entered Proximity Caves 7200 | -6/Proximity Caves | Discovered new exit (range 8) 7245 | -6/Proximity Caves | Attracted the attention of an 0b10 checkpoint 7276 | -6/Proximity Caves | Learned Factory trap positions 7392 | -6/Proximity Caves | Entered Factory 7392 | -6/Factory | Evolved 2 slots: Utility x1, Weapon x1 7393 | -6/Factory | Loaded intel: 100 trap records 7457 | -6/Factory | Identified exit to Factory 7614 | -6/Factory | Discovered new exit (range 19) 7675 | -6/Factory | Identified exit to Lower Caves 7697 | -6/Factory | Build established: Tank 7742 | -6/Factory | First assault squad dispatched 7876 | -6/Factory | Destroyed 8 combat bots 8186 | -6/Factory | Entered Lower Caves 8194 | -6/Lower Caves | Attacked by a delusional Derelict stockpiling parts 8455 | -6/Lower Caves | A Commander dispatched an escort 8456 | -6/Lower Caves | Learned location of 1 exit from Research 8456 | -6/Lower Caves | Learned Extension emergency access door positions 8456 | -6/Lower Caves | Learned Extension garrison access intel 8467 | -6/Lower Caves | Discovered new exit (range 83) 8555 | -6/Lower Caves | Build established: Gunner 8723 | -6/Lower Caves | Entered another Lower Caves area 8723 | -6/Lower Caves | Accompanied by 3 allies 8724 | -6/Lower Caves | Commander's escort returned to base 8724 | -6/Lower Caves | Commander's escort returned to base 8724 | -6/Lower Caves | Commander's escort returned to base 8736 | -6/Lower Caves | Discovered exit to Factory (range 18) 9091 | -6/Lower Caves | Build established: Tank 9181 | -6/Lower Caves | Discovered new exit (range 12) 9394 | -6/Lower Caves | Entered Data Miner 9394 | -6/Data Miner | Discovered new exit (range 6) 9411 | -6/Data Miner | Met Data Miner 9438 | -6/Data Miner | Learned location of Section 7 (-2) 9438 | -6/Data Miner | Acquired the access code to Warlord's prototype stash 9458 | -6/Data Miner | Received God Mode back door access code from Data Miner 9482 | -6/Data Miner | Entered Proximity Caves 9654 | -5/Proximity Caves | Escorted by Enhanced Grunt 9766 | -5/Proximity Caves | Attracted the attention of an 0b10 outpost 9817 | -5/Proximity Caves | Build established: Gunner 9839 | -5/Proximity Caves | Destroyed 10 combat bots 9907 | -5/Proximity Caves | Learned Factory terminal intel 10004 | -5/Proximity Caves | Entered Factory 10004 | -5/Factory | Accompanied by 3 allies 10004 | -5/Factory | Evolved 2 slots: Utility x2 10005 | -5/Factory | Loaded intel: 22 terminal locations 10574 | -5/Factory | Discovered new exit (range 8) 10836 | -5/Factory | Spotted B-75 Beast 10965 | -5/Factory | Build established: Scavenger-Gunner 11185 | -5/Factory | Identified exit to Factory 11204 | -5/Factory | First assault squad dispatched 11219 | -5/Factory | Incoming assault squad redirected 11387 | -5/Factory | Incoming investigation squad redirected 11448 | -5/Factory | Identified exit to Upper Caves 11448 | -5/Factory | Identified exit to Extension 11614 | -5/Factory | Garrison activated, responded to threat 11712 | -5/Factory | Lost 7 parts (1p3u3w) 11824 | -5/Factory | Entered Extension 11879 | -5/Extension | Rescued a captive Derelict 11882 | -5/Extension | Rescued a captive Derelict 11892 | -5/Extension | Rescued a captive Derelict 11893 | -5/Extension | Rescued a captive Derelict 11983 | -5/Extension | Build established: Scavenger-Mutant 12009 | -5/Extension | Lost 5 parts (1p2n1u1w) 12121 | -5/Extension | Rescued a captive Derelict 12298 | -5/Extension | Rescued a captive Derelict 12482 | -5/Extension | Spotted B-75 Beast 12584 | -5/Extension | Build established: Scavenger-Gunner 12827 | -5/Extension | Spotted B-75 Beast 12829 | -5/Extension | Destroyed B-75 Beast 12862 | -5/Extension | Destroyed B-75 Beast 12945 | -5/Extension | Lost 4 parts (1n1u2w) 13040 | -5/Extension | Rescued A7 13086 | -5/Extension | Rescued a captive Derelict 13119 | -5/Extension | Rescued a captive Derelict 13119 | -5/Extension | Rescued a captive Derelict 13144 | -5/Extension | Build established: Scavenger-Tank 13192 | -5/Extension | Rescued a captive Derelict 13202 | -5/Extension | Rescued a captive Derelict 13208 | -5/Extension | Rescued a captive Derelict 13218 | -5/Extension | Rescued a captive Derelict 13362 | -5/Extension | Rescued a captive Derelict 13363 | -5/Extension | Rescued a captive Derelict 13622 | -5/Extension | Discovered exit to Factory (range 10) 13624 | -5/Extension | First assault squad dispatched 13624 | -5/Extension | Discovered new exit (range 6) 13643 | -5/Extension | Entered Cetus 13643 | -5/Cetus | Accompanied by 1 ally (A7) 13648 | -5/Cetus | Acquired a Cetus Manufacturing Module code from A7 13666 | -5/Cetus | Spotted Cetus Guard 13666 | -5/Cetus | Spotted Cetus Guard 13667 | -5/Cetus | Spotted Cetus Guard 13670 | -5/Cetus | Spotted Cetus Guard 13674 | -5/Cetus | Destroyed Cetus Guard 13684 | -5/Cetus | Allies destroyed Cetus Guard 13696 | -5/Cetus | Allies destroyed Cetus Guard 13701 | -5/Cetus | Destroyed Cetus Guard 13783 | -5/Cetus | Discovered exit to Factory (range 19) 13847 | -5/Cetus | Destroyed 7 combat bots 13954 | -5/Cetus | Started Cetus Manufacturing Module 13966 | -5/Cetus | Build established: Scavenger-Gunner 13974 | -5/Cetus | Discovered new exit (range 20) 13979 | -5/Cetus | Manufactured an Enhanced Grunt 14004 | -5/Cetus | Manufactured an Enhanced Grunt 14029 | -5/Cetus | Manufactured an Enhanced Grunt 14054 | -5/Cetus | Manufactured an Enhanced Grunt 14061 | -5/Cetus | Spotted Cetus Guard 14061 | -5/Cetus | Spotted Cetus Guard 14061 | -5/Cetus | Spotted Cetus Guard 14063 | -5/Cetus | Destroyed Cetus Guard 14064 | -5/Cetus | Spotted Cetus Guard 14069 | -5/Cetus | Destroyed Cetus Guard 14074 | -5/Cetus | Allies destroyed Cetus Guard 14075 | -5/Cetus | Destroyed Cetus Guard 14079 | -5/Cetus | Manufactured an Enhanced Grunt 14087 | -5/Cetus | Discovered exit to Factory (range 20) 14102 | -5/Cetus | Met Revision 17 14190 | -5/Cetus | Found Prototype Device 14190 | -5/Cetus | Identified Exp. Thermal Shield 14301 | -5/Cetus | Escorted A7 to Cetus Mainframe 14391 | -5/Cetus | Entered Archives 14391 | -5/Archives | Accompanied by 5 allies (A7) 14396 | -5/Archives | Received a hacking code to weaken MAIN.C 14499 | -5/Archives | Discovered new exit (range 19) 14502 | -5/Archives | Unable to access archive contents 14528 | -5/Archives | Unable to access archive contents 14528 | -5/Archives | Unable to access archive contents 14535 | -5/Archives | Discovered exit to Factory (range 14) 14551 | -5/Archives | Unable to access archive contents 14559 | -5/Archives | Discovered new exit (range 15) 14577 | -5/Archives | Unable to access archive contents 14735 | -5/Archives | Entered Hub_04(d) 14735 | -5/Hub_04(d) | Accompanied by 4 allies 14735 | -5/Hub_04(d) | Discovered exit to Factory (range 10) 15020 | -5/Hub_04(d) | Discovered exit to Factory (range 8) 15226 | -5/Hub_04(d) | Network Hub disabled 15228 | -5/Hub_04(d) | Network Hub disabled 15229 | -5/Hub_04(d) | Entered Factory 15229 | -4/Factory | Accompanied by 1 ally 15229 | -4/Factory | Evolved 2 slots: Utility x1, Weapon x1 15511 | -4/Factory | First assault squad dispatched 15532 | -4/Factory | Incoming assault squad redirected 15753 | -4/Factory | Incoming assault squad redirected 15954 | -4/Factory | Build established: Scavenger-Tank 15994 | -4/Factory | High security lockdown imminent 16074 | -4/Factory | High security lockdown engaged 16110 | -4/Factory | Discovered new exit (range 15) 16140 | -4/Factory | Entered Upper Caves 16217 | -4/Upper Caves | Learned Research stockpile data 16631 | -4/Upper Caves | Learned Research terminal intel 16896 | -4/Upper Caves | Attracted the attention of an 0b10 outpost 16955 | -4/Upper Caves | Lost 5 parts (1n1u3w) 17084 | -4/Upper Caves | Attracted the attention of an 0b10 checkpoint 17163 | -4/Upper Caves | Discovered new exit (range 8) 17213 | -4/Upper Caves | Entered another Upper Caves area 17305 | -4/Upper Caves | Learned 4 Research zone layouts 17389 | -4/Upper Caves | Discovered new exit (range 5) 17399 | -4/Upper Caves | Learned location of Armory (-3) 17464 | -4/Upper Caves | Encountered a Warlord checkpoint 18107 | -4/Upper Caves | Discovered new exit (range 22) 18296 | -4/Upper Caves | Attracted the attention of an 0b10 checkpoint 18363 | -4/Upper Caves | Entered Warlord 18700 | -4/Warlord | Visited the Vortex Lab 18713 | -4/Warlord | Warlord's base attacked by MAIN.C 18713 | -4/Warlord | Found Prototype Piercing Weapon 18713 | -4/Warlord | Identified Vortex Lance 18716 | -4/Warlord | Found Prototype Energy Cannon 18717 | -4/Warlord | Identified Vortex Cannon 18870 | -4/Warlord | Met Warlord 19063 | -4/Warlord | Warlord forces counterattacked 19280 | -4/Warlord | Spotted B-90 Cyclops 19328 | -4/Warlord | Spotted Executioner 19328 | -4/Warlord | Spotted B-86 Titan 19360 | -4/Warlord | Destroyed Executioner 19368 | -4/Warlord | Spotted Striker 19375 | -4/Warlord | Core integrity fell below 50% 19383 | -4/Warlord | P-70 Sage assimilated allied HY-J63(s) 19397 | -4/Warlord | Core integrity fell below 20% 19399 | -4/Warlord | Destroyed by B-86 Titan with Railgun Last Messages --------------- 19388_ Imp. Weapon Cycler destroyed. 19388_ Lrn. Proton Cannon destroyed. 19389_ Adv. Medium Treads destroyed. 19390_ HY-J63(s) reactivates. 19391_ Vortex Lance follow-up attack on Striker. 19391_ Destroyed Adv. Reaction Control System. 19392_ Flexi-carbon Leg destroyed. 19395_ Self-destruct Interrupter emitting active interruption sequence. 19395_ Phasing Sabre destroyed. 19395_ HY-J63(s) destroyed. 19395_ Striker destroyed. 19396_ Dropped Hcp. Storage Unit. 19397_ Dropped Lrg. Storage Unit. 19397_ Dropped Imp. Energy Well. 19398_ Self-destruct Interrupter emitting active interruption sequence. 19398_ Dropped Lrg. Storage Unit. 19398_ Dropped Vortex Lance. 19399_ Knocked back. 19399_ Penetrated by Slug. [Achievement: I Think I Know What's Going On] Map ----- +----------------------------------------------------+ | ?????????????????????????????????????????????????? | | ?????????????????????????????????????????????????? | | ?????????????????????????????????????????????????? | | ?????????????????????????????######??????????????? | | ???????????????????????####### ################ | | ???????????????????????# + ^ | | ???????????????????????# # ?? | | ???????????????????????# # #??? | | #######????????????????# # ^ #??? | | #!!"""##???????????????# # ^^"""" #??? | | #!! X "#???????????????# + """""" #??? | | #"" !#???????????????# # " "" " #??? | | #""X #????? #######??# # #???? | | #""" !#???? """"""""## ## #???? | | #### ##??? "## ## #???? | | ??###+#### "## ## #### ####### #???? | | ??# + "## ## # #" ####??# #???? | | ??# + ""######### # #" # #??# #???? | | ### / "## + #"#""""###?# #???? | | " # #### "## " # #?# ##??? | | " # #???? "## # " ### #??? | | + #?????""""""""""## ?# " # ##??? | | # #??????########??######?# " # ;#??? | | X # #########################;; ; #???? | | ### # # #; !! p ;& ]] # #???? | | ??# # # ##/@!%*p ;[ ! ] # #???? | | ?## + # ##!!!/! p ;%/!] ; #???? | | ?# # # ;; !!! ;g%! # #??? | | ?## # ###+#### ]] BB;;;+##### ##??? | | ??# # ### # [ BB; #??#!%%#???? | | ### # + # % BB;; ####%%% ### | | # ### ; BB;; # * # | | ###########?# # ; # | | ### #???????????# %###+####;; ; !%![[= | | ####/##???????????# *!%=%!% | | ##########??# ^ !=%*%%!% | | # ?# """ """ " %=!%%!! | | # ?# """ """ " =%*%=%% | | # #^ """ """ " ### % %% %!%%% | | # # """ """ "" #?# ] [*% | | # + """ """ """ #?# =#= | | # # #?##"" ### | | # + #??? " #? | | ##############+#+############+###### % #? | | #??????# ###### # #? | | #??????# # # # ## | | #######??????# [ # # # # | | ?????????????# [ # # # ## | | ?????????????# # # + ## | | ?????????????# * # # # # | +----------------------------------------------------+ Best States ------------- Heat Dissipation 78 Energy Generation 25 Energy Capacity 700 Matter Stores 300 Matter Capacity 300 Sight Range 22 Terrain Scan Range 16 Terrain Scan Density 10 Armor Coverage 1200 Resistance: EM 20 Utility Shielding 33 Weapon Cycling 20 Evasion (%) 40 Targeting Accuracy 6 Target Analysis 6 Recoil Reduction 4 Kinecelleration 40 Overload Amplification 50 Offensive Hacking 14 Item Schematics ----------------- Lrg. Storage Unit | -9/Materials | Scanalyzed Hrd. Light Armor Plating | -9/Materials | Scanalyzed Beamcaster | -7/Zion | Free Flamer | -7/Zion | Free Combat Drone Bay | -6/Data Miner | Free Lgt. Regenerative Plating | -6/Data Miner | Free Exp. Flexi-carbon Leg | -6/Data Miner | Free Exp. Targeting Computer | -6/Data Miner | Free Cloaking Device | -6/Data Miner | Free Mni. Smartbomb Launcher | -6/Data Miner | Free Plasma Sword | -6/Data Miner | Free Kinetic Spear | -6/Data Miner | Free Arm. Medium Treads | -5/Factory | Scanalyzed Imp. Medium Armor Plating | -5/Factory | Scanalyzed Robot Schematics ------------------ S-27 Virus | -6/Data Miner | Free G-50 Soldier | -6/Data Miner | Free L-41 Fighter | -6/Data Miner | Free H-66 Slayer | -6/Data Miner | Free I-36 Angel | -6/Data Miner | Free Fabricated ------------ K-01 Serf | x1 | -7/Factory | Preloaded Alien Tech Used ----------------- None Achievements -------------- Can't Touch This I Think I Know What's Going On Main Advantage Project G-00 Use The Force Challenges ------------ None Game ------ Seed NovaAbsorptionMicrothruster Manual? 0 Play Time 04:09:18 Cumulative 79.5 hours Start 2021.08.09 @ 21:32:00 End 2021.08.10 @ 01:44:18 Sessions 1 Manual Loads 0 Difficulty Rogue Special Mode None Game No. 28 Rogue 28 Adventurer 0 Explorer 0 Win Type - Total 2 Types 2/0/0/0/0/0/0/0/0 Lore% 53 Gallery% 65 Achievement% 48 Wizard Run 0 Options --------- ASCII 0 Keyboard 0 Movement Numpad Keybinds 0 Fullscreen 1 Font 14/SmallcapsGlow Map View 84x54 Tactical HUD 1 Map Filters NONE Filters NONE Steam 1 RUN: 8a210b6e-997c-439a-9e80-69e4b4c88957